 Dungeon Crawl Stone Soup version 0.28.0-43-g3370ac3207 (webtiles) character file.

Game seed: 7242930856416302239

192 pkoi the Gusty (level 5, -5/57 HPs)
             Began as a Draconian Air Elementalist on Mar 10, 2022.
             Was an Initiate of Cheibriados.
             Killed from afar by Sigmund (7 damage)
             ... with a puff of flame
             ... on level 3 of the Dungeon.
             The game lasted 00:05:56 (4462 turns).

pkoi the Gusty (Draconian Air Elementalist)         Turns: 4462, Time: 00:05:57

Health: -5/57      AC: 22    Str: 10 (11) XL:     5   Next: 42%
Magic:  0/8        EV:  2    Int: 15 (18) God:    Cheibriados [......]
Gold:   118        SH:  0    Dex: 11 (13) Spells: 7/8 levels left

rFire   . . .      SeeInvis .   c - +0 trident
rCold   . . .      Faith    .   (no shield)
rNeg    . . .      Spirit   .   (armour unavailable)
rPois   +          Reflect  .   (helmet currently unavailable)
rElec   .          Harm     .   (cloak currently unavailable)
rCorr   +          Rampage  .   (gloves currently unavailable)
Will    .....      NoTele   +   (boots currently unavailable)
Stlth   ++........              (no amulet)
HPRegen 0.19/turn               h - ring of resist corrosion
MPRegen 0.11/turn               (no ring)

@: tree-form (expiring), attractive, very slow
A: stationary, stasis, torment immunity, boosted hp, AC +5, unfitting armour,
(cold-blooded)
a: Renounce Religion


You were on level 3 of the Dungeon.
You worshipped Cheibriados.
Cheibriados was noncommittal.
You were a tree.
You visited 1 branch of the dungeon, and saw 3 of its levels.

You collected 118 gold pieces.

Inventory:

Hand Weapons
 c - a +0 trident (weapon)
 e - a +1 dagger of draining
Jewellery
 h - a ring of resist corrosion (left branch)
 i - a ring of wizardry
Scrolls
 b - a scroll of identify
 d - 2 scrolls of blinking {unknown}
 g - a scroll of vulnerability
Potions
 f - 3 potions of attraction


   Skills:
 - Level 1.7 Dodging
 - Level 1.7 Stealth
 - Level 2.0 Spellcasting
 - Level 1.0 Conjurations
 + Level 6.2 Air Magic


You had 7 spell levels left.
You knew the following spells:

 Your Spells              Type           Power      Damage    Failure   Level
a - Shock                 Conj/Air       48%        1d6       4%          1

Your spell library contained the following spells:

 Spells                   Type           Power      Damage    Failure   Level
 Swiftness                Air            20%        N/A       5%          3
 Static Discharge         Conj/Air       12%        N/A       8%          2
 Airstrike                Air            10%        N/A       17%         4
 Foxfire                  Conj/Fire      12%        2x1d4     19%         1
 Conjure Flame            Conj/Fire      3%         6-21      47%         3
 Dazzling Flash           Conj/Hex       6%         N/A       47%         3
 Inner Flame              Hex/Fire       1%         N/A       54%         3
 Silence                  Hex/Air        5%         N/A       86%         5
 Flame Wave               Conj/Fire      3%         2d4       87%         4
 Agony                    Necr           1%         N/A       99%         5


Dungeon Overview and Level Annotations

Branches:
Dungeon (3/15)

Altars:
Cheibriados

Shops:
D:2 *

Annotations:
D:3 Sigmund


Innate Abilities, Weirdness & Mutations

You are a tree.
Your roots penetrate the ground, keeping you stationary.
You cannot be teleported.
You are immune to unholy pain and torment.
Your maximum health is greatly increased.
Your equipment is partially melded.
((Your plain brown scales are hard. (AC +5)))
You cannot fit into any form of body armour.
((You are cold-blooded and may be slowed by cold attacks.))


Message History

You hear some strange, mumbled words.
A magic dart appears from out of thin air!
The magic dart hits you but does no damage.
You completely miss something. Something hits you but does no damage.
Okay, then.
As you read the scroll labelled ZEVUHA HAQE, it crumbles to dust.
You hear a loud clanging noise!
It was a scroll of noise.
You hear a shout! x2
Something hits you but does no damage.
As you read the scroll labelled JUNIVV NAAZO, it crumbles to dust.
It is a scroll of identify.
g - a scroll of vulnerability You completely miss something.
Something hits you but does no damage.
Aiming: Shock (safe; 4% risk of failure)
Press: ? - help, Q - select action Shift-Dir - straight line Something hits you but does no damage.
Unknown command.
You closely miss something.
You hear some strange, mumbled words.
A puff of flame appears from out of thin air!
The puff of flame hits you but does no damage.
You barely miss something. Something hits you but does no damage.
The rat is attracted toward you.
You closely miss something.
You hear some strange, mumbled words.
A magic dart appears from out of thin air!
The magic dart hits you but does no damage.
Unknown command.
You closely miss something.
Your transformation is almost over.
You hear some strange, mumbled words.
A puff of flame appears from out of thin air!
The puff of flame hits you.
* * * LOW HITPOINT WARNING * * *
You barely miss the rat.
You hear some strange, mumbled words.
A puff of flame appears from out of thin air!
The puff of flame hits you!
You die...

###.######....#######.#
#...######......# #.#
..#......#.###''### #.#
..#........#......# ...
..#......#.#......##....
..#......#.#......#......
..#......#.#......#@.'.#..
..#......#
#......#..###♣♣♣
..#.###### #...r♣.#..
..#... ###'{### .##.#
###..# ....######.##..##
###.......§§.......@..
♣♣....###§♣♣.###♣♣.♣ .♣
♣♣.♣♣§.§§..♣. ♣♣♣.. P.#
#.♣.♣♣♣♣§♣♣♣ ♣. ♣.♣.. .##
##♣..♣ ♣♣. ♣.P.♣


You could see a rat.

Vanquished Creatures
  Jessica (D:3)
  Natasha (thrice) (D:3)
  2 adders
  2 worms
  2 dart slugs (D:1)
  4 orcs (D:3)
  8 bats
  7 endoplasms
  3 giant cockroaches (D:2)
  4 goblins
  3 hobgoblins
  4 kobolds
  5 quokkas
  4 ball pythons
  4 frilled lizards
  4 rats
60 creatures vanquished.

Vanquished Creatures (others)
  50 plants (D:3)
50 creatures vanquished.

Grand Total: 110 creatures vanquished

Notes
Turn   | Place    | Note
-------+----------+-------------------------------------------
     0 | D:1      | pkoi the Draconian Air Elementalist began the quest for the
                  | Orb.
     0 | D:1      | Reached XP level 1. HP: 14/14 MP: 3/3
   384 | D:1      | Reached XP level 2. HP: 14/20 MP: 1/5
   965 | D:1      | Reached skill level 4 in Air Magic
  1550 | D:2      | Reached XP level 3. HP: 26/26 MP: 4/6
  2303 | D:2      | Found Ruycriuf's General Store.
  2841 | D:3      | Reached skill level 5 in Air Magic
  2841 | D:3      | Reached XP level 4. HP: 26/33 MP: 1/7
  3394 | D:3      | Noticed Natasha
  3398 | D:3      | Killed Natasha
  3443 | D:3      | Noticed Natasha
  3449 | D:3      | Killed Natasha
  3671 | D:3      | Noticed Jessica
  3750 | D:3      | Noticed Natasha
  3762 | D:3      | Killed Natasha
  3763 | D:3      | Reached XP level 5. HP: 19/38 MP: 0/8
  3819 | D:3      | Killed Jessica
  3820 | D:3      | Reached skill level 6 in Air Magic
  3929 | D:3      | Noticed Sigmund
  4036 | D:3      | Found a snail-covered altar of Cheibriados.
  4242 | D:3      | Became a worshipper of Cheibriados the Contemplative
  4448 | D:3      | HP: 2/57 [something (5)]
  4461 | D:3      | HP: 2/57 [something/puff of flame (3)]
  4462 | D:3      | Killed from afar by Sigmund

Illustrated notes

Levels and vault maps discovered:
D:1:      evilmike_arrival_hilbert_curve, layout_basic
D:2:      layout_basic, serial_shops, shop, hangedman_decor_clover_reticule
D:3:      wad_woods_tower, layout_basic, slow_altar_2,
          kennysheep_generic_room_15, uniq_natasha, uniq_jessica,
          uniq_crazy_yiuf_cottage, uniq_sigmund

Skill      XL: |  1  2  3  4  5 |
---------------+----------------+-----
Air Magic      | 4 5 6 |  6.2
Dodging        | |  1.7
Stealth        | |  1.7
Spellcasting   | |  2.0
Conjurations   | |  1.0

Action                   |  1- 3 |  4- 6 || total
-------------------------+-------+-------++-------
Melee: Trident           |    29 |    30 ||    59
       Tailslap          |     2 |     2 ||     4
       Punch             |     1 |     1 ||     2
 Cast: Shock             |    95 |    60 ||   155
  Use: Potion            |       |     3 ||     3
       Scroll            |       |     2 ||     2
 Stab: Sleeping          |       |     1 ||     1
Armor: Skin              |    15 |    25 ||    40
Dodge: Dodged            |    39 |    16 ||    55
